 Dungeon Crawl Stone Soup version 0.30-a0-972-gf3ab3527aa (webtiles) character file.

Game seed: 6821476539272272939

50 vishdafish the Conjurer (level 3, -1/24 HPs)
             Began as a Demonspawn Conjurer on Mar 31, 2023.
             Succumbed to a kobold's poison
             ... on level 1 of the Dungeon.
             The game lasted 00:01:16 (920 turns).

vishdafish the Conjurer (Demonspawn Conjurer)        Turns: 920, Time: 00:01:17

Health: -1/24      AC:  2    Str:  7    XL:     3   Next: 55%
Magic:  7/7        EV: 12    Int: 21    God:
Gold:   7          SH:  0    Dex: 11    Spells: 7/8 levels left

rFire   . . .      SeeInvis .    f - +2 dagger (drain)
rCold   . . .      Faith    .    (no shield)
rNeg    . . .      Spirit   .    a - +0 robe
rPois   .          Reflect  .    (no helmet)
rElec   .          Rampage  .    (no cloak)
rCorr   .                        (no gloves)
Will    .....                    (no boots)
Stlth   ++                       (no amulet)
HPRegen 0.24/turn                (no ring)
MPRegen 0.10/turn                (no ring)

@: lethally poisoned (-1 -> -24), attractive, hasted, very quick
A: hooves 1
a: no special abilities


You were on level 1 of the Dungeon.
You visited 1 branch of the dungeon, and saw 1 of its levels.

You collected 7 gold pieces.

Inventory:

Hand Weapons
 f - a +2 dagger of draining (weapon)
Armour
 a - a +0 robe (worn)
Jewellery
 j - an amulet of faith
Scrolls
 d - 2 scrolls of identify {unknown}
 g - a scroll of silence {unknown}
 i - 2 scrolls of blinking {unknown}
Potions
 b - a potion of magic
 c - a potion of curing {unknown}
 h - 2 potions of haste


   Skills:
 - Level 1.7 Dodging
 - Level 1.7 Stealth
 + Level 3.0 Spellcasting
 + Level 4.7 Conjurations


You had 7 spell levels left.
You knew the following spells:

 Your Spells              Type           Power      Damage    Failure   Level
a - Magic Dart            Conj           88%        1d7       1%          1

Your spell library contained the following spells:

 Spells                   Type           Power      Damage    Failure   Level
 Searing Ray              Conj           44%        2d6       3%          2
 Dazzling Flash           Conj/Hex       26%        N/A       16%         3
 Fulminant Prism          Conj/Hex       6%         3d7       45%         4
 Iskenderun's Mystic Bla  Conj/Tloc      13%        2d5       45%         4


Dungeon Overview and Level Annotations

Branches:
Dungeon (1/15)

Altars:

Shops:
D:1 *


Innate Abilities, Weirdness & Mutations

You have large cloven feet.


Message History

You see here a +0 leather armour.
i - 2 scrolls labelled UCUCUS DUYME (gained 1)
You open the door.
Found Tihimeut's General Store.
There is an open door here.
There is an entrance to Tihimeut's General Store here.
You open the door. As you open the door, it creaks loudly!
There is an open door here.
Found an escape hatch in the floor.
A kobold comes into view. It is wielding a +3 dagger of venom.
The kobold shouts!
A kobold is nearby!
A kobold is nearby!
The kobold hits you with a +3 dagger of venom.
You barely miss the kobold. The kobold barely misses you.
You barely miss the kobold.
The kobold hits you with a +3 dagger of venom.
You are poisoned.
You hit the kobold.
The kobold is heavily wounded.
You feel sick.
The kobold hits you with a +3 dagger of venom.
You are lethally poisoned!
You are too injured to fight recklessly!
You are too injured to fight recklessly!
You are too injured to fight recklessly!
You are too injured to fight recklessly!
You are too injured to fight recklessly!
You are too injured to fight recklessly!
It was a potion of haste.
You feel yourself speed up.
* * * LOW HITPOINT WARNING * * *
You feel very sick.
The kobold hits you with a +3 dagger of venom.
* * * LOW HITPOINT WARNING * * *
You are more poisoned.
Okay, then.
It was a potion of attraction.
You feel attractive to monsters.
You die...

...........#.##....##
#.......
..##..##.....##.##..##
##.####.
###..###..#####.###..######.#
## ....## #......#.#
#...>.....# # .####
#......#.###....####.## # .#
#.#....#.....##....#..#### .#
#.#....#..########..#.#... .#
#.#.......# ##...#... .###
#.#....##@# ###.#... ...###
#.#.......K..# ##....>
##...###.#..........#
##..#... ###.....#.......>..#
##..##... ###..##..........#
#..###..#
#..#################.##...##
#+## #.......##.###
######.####### #.########.#
.##..#.#..##.######.# #.#


You could see a kobold.

Vanquished Creatures
  2 dart slugs (D:1)
  5 ball pythons (D:1)
  4 bats (D:1)
  6 endoplasms (D:1)
  3 giant cockroaches (D:1)
  3 goblins (D:1)
  9 jackals (D:1)
  4 kobolds (D:1)
36 creatures vanquished.

Notes
Turn   | Place    | Note
-------+----------+-------------------------------------------
     0 | D:1      | vishdafish the Demonspawn Conjurer began the quest for the
                  | Orb.
     0 | D:1      | Reached XP level 1. HP: 13/13 MP: 3/3
   168 | D:1      | Gained mutation: You have large cloven feet. [demonic
                  | ancestry]
   168 | D:1      | Reached XP level 2. HP: 19/19 MP: 0/5
   592 | D:1      | Reached XP level 3. HP: 23/24 MP: 1/7
   848 | D:1      | Found Tihimeut's General Store.
   920 | D:1      | Succumbed to a kobold's poison

Illustrated notes

Levels and vault maps discovered:
D:1:      nzn_arrival_crosshair, layout_rooms, serial_shops,
          nicolae_shop_behind_doors

Skill      XL: |  1  2  3 |
---------------+----------+-----
Spellcasting   | 3 |  3.0
Dodging        | |  1.7
Stealth        | |  1.7
Conjurations   | |  4.7

Action                     || total
---------------------------++-------
  Melee: Dagger            ||    43
         Kick              ||    10
         Unarmed           ||     1
   Cast: Magic Dart        ||    39
    Use: Potion            ||     2
   Stab: Sleeping          ||     1
 Armour: Robe              ||    22
  Dodge: Dodged            ||    46

Table legend: (Time is in decaauts)
 A = Elapsed time spent in this place.
 B = Non-inter-level travel time spent in this place.
 C = Inter-level travel time spent in this place.
 D = Time resting spent in this place.
 E = Time spent auto-exploring this place.
 F = Levels seen in this place.
 G = Mean time per level.
                   A        B        C        D        E       F      G
               +--------+--------+--------+--------+--------+-----+--------+
         Total |    919 |    919 |      0 |      0 |    761 |   1 |  919.0 |
       Dungeon |    919 |    919 |      0 |      0 |    761 |   1 |  919.0 |
               +--------+--------+--------+--------+--------+-----+--------+

Top non-repeatable levels by time:
     D:1: 919 daAuts
